 Dungeon Sprint DCSS version 0.17-a0-1719-g1afd5a1 (webtiles) character file.

1300000 ztt the Portalist (level 16, -7/155 HPs)
             Began as a Ghoul Warper on Aug 27, 2015.
             Was a Priest of Makhleb.
             Mangled by a meat berserker
             ... wielding a +9 battleaxe
              (52 damage)
             ... in the Dungeon (Sprint VIII: "Arena of Blood").
             The game lasted 00:00:26 (13 turns).

ztt the Portalist (Ghoul Warper)                      Turns: 13, Time: 00:00:26

Health: -7/155     AC:  3    Str: 17    XL:     16   Next: 4%
Magic:  3/34       EV: 20    Int:  8    God:    Makhleb [***...]
Gold:   0          SH:  0    Dex: 13    Spells: 1 memorised, 45 levels left

rFire  . . .     SeeInvis .     l - +∞ Axe of Woe
rCold  + . .     Clarity  .     b - +0 leather armour
rNeg   + + +     SustAt   .     (no shield)
rPois  ∞         Gourm    .     (no helmet)
rElec  .         Spirit   .     (no cloak)
rCorr  .         Warding  .     (no gloves)
rMut   .         NoTele   +     (no boots)
MR     +....                    (no amulet)
Stlth  +.........               (no ring)
                                (no ring)

@: rotting, somewhat resistant to hostile enchantments, very unstealthy
A: rotting body, claws 1, carnivore 3, cold resistance 1, negative energy
resistance 3, slow healing 1, torment resistance, unbreathing
a: Minor Destruction, Lesser Servant of Makhleb, Renounce Religion


You were in the Dungeon.
You worshipped Makhleb.
Makhleb was most pleased with you.
You were not hungry.

You visited 1 branch

Inventory:

Hand weapons
 a - a +0 hand axe
 l - the +∞ Axe of Woe (weapon)
   (You found it in the Dungeon)
Missiles
 e - 5 tomahawks of dispersal (quivered)
Armour
 b - a +0 leather armour (worn)
Scrolls
 d - 2 scrolls of blinking
Potions
 g - a potion of curing
 h - a potion of heal wounds
 i - a potion of haste
 j - 2 potions of magic
 k - a potion of berserk rage
Books
 c - a book of Spatial Translocations

   Spells                             Type                      Level
   a - Apportation                    Translocation                1
   b - Blink                          Translocation                2
   c - Shroud of Golubria             Charms/Translocation         2
   d - Portal Projectile              Translocation                3
   e - Teleport Other                 Translocation                3
   f - Passage of Golubria            Translocation                4
Comestibles
 f - a meat ration


   Skills:
 + Level 17.4 Fighting
 + Level 15.3 Axes
 + Level 5.5 Throwing
 + Level 5.4 Armour
 + Level 14.7 Dodging
 + Level 15.7 Spellcasting
 + Level 26.1 Translocations


You had 45 spell levels left.
You knew the following spells:

 Your Spells              Type           Power        Failure   Level  Hunger
a - Apportation           Tloc           #####.....   0%          1    None


Dungeon Overview and Level Annotations

Branches:
Dungeon (1/1)

Altars:
Makhleb


Innate Abilities, Weirdness & Mutations

Your body is rotting away.
You thrive on raw meat.
You are immune to poison.
You have sharp fingernails.
You are carnivorous and can eat meat at any time.
Your flesh is cold resistant.
You are immune to negative energy.
You heal slowly when monsters are visible.
You are immune to unholy pain and torment.
You can survive without breathing.


Message History

The meat berserker rages.
You hear a shout! x18
The bag of meat appears out of thin air!
A bag of meat comes into view. It is wielding a +9 war axe.
The bag of meat hits you with a +9 war axe!!
* * * LOW HITPOINT WARNING * * *
A bag of meat comes into view. It is wielding a +9 war axe.
Unknown command.
The bag of meat shouts!
You hit the bag of meat but do no damage.
You chop the bag of meat into pieces.
You kill the bag of meat!
Makhleb accepts your kill.
Your Fighting skill increases to level 17!
Your Axes skill increases to level 15!
Your Translocations skill increases to level 26!
You have reached level 16!
You hear a shout! x11
The meat berserker hits you with a +9 battleaxe!!!
You die...

#.. ..# #.. ..#
.###.. ..###.
......###......
...o._..... .
#.....# ...
#_.<._# .
.....#.)...#....
......)@_.......
......O###......
..###.. ..###.
#.o ..# #.. .#
.o. .o .... ..
o...


You could see a meat berserker (berserk) and 4 bags of meat.

Vanquished Creatures
  7 orcs (D)
7 creatures vanquished.

Notes
Turn   | Place    | Note
--------------------------------------------------------------
     0 | D        | ztt the Ghoul Warper began the quest for the Orb.
     0 | D        | Reached XP level 1. HP: 17/17 MP: 2/2
     3 | D        | Noticed a bag of meat
     3 | D        | Noticed a bag of meat
     4 | D        | Noticed a bag of meat
     5 | D        | Noticed a bag of meat
     5 | D        | Became a worshipper of Makhleb the Destroyer
     6 | D        | Noticed a bag of meat
     6 | D        | Noticed a bag of meat
     9 | D        | Noticed a bag of meat
     9 | D        | Killed a bag of meat
     9 | D        | Reached skill level 11 in Fighting
     9 | D        | Reached skill level 10 in Spellcasting
     9 | D        | Reached skill level 17 in Translocations
     9 | D        | Reached XP level 2. HP: 20/40 MP: 2/12
     9 | D        | Reached XP level 3. HP: 23/47 MP: 2/13
     9 | D        | Reached XP level 4. HP: 26/55 MP: 2/15
     9 | D        | Reached XP level 5. HP: 28/60 MP: 2/16
     9 | D        | Reached XP level 6. HP: 31/68 MP: 2/18
     9 | D        | Reached XP level 7. HP: 33/74 MP: 2/19
     9 | D        | Reached XP level 8. HP: 36/82 MP: 2/21
     9 | D        | Reached XP level 9. HP: 39/89 MP: 2/22
     9 | D        | Reached XP level 10. HP: 41/95 MP: 2/23
     9 | D        | Reached XP level 11. HP: 44/102 MP: 2/24
     9 | D        | Reached XP level 12. HP: 47/110 MP: 2/25
     9 | D        | Killed a bag of meat
     9 | D        | Acquired Makhleb's first power
     9 | D        | Reached skill level 10 in Dodging
     9 | D        | Reached skill level 20 in Translocations
     9 | D        | Reached XP level 13. HP: 49/119 MP: 2/27
    10 | D        | Killed a bag of meat
    10 | D        | Reached skill level 22 in Translocations
    10 | D        | Reached XP level 14. HP: 14/130 MP: 2/29
    11 | D        | Noticed a bag of meat
    11 | D        | Noticed a bag of meat
    11 | D        | Noticed a bag of meat
    11 | D        | Killed a bag of meat
    11 | D        | Acquired Makhleb's second power
    11 | D        | Reached skill level 5 in Throwing
    11 | D        | Reached skill level 23 in Translocations
    12 | D        | Noticed a bag of meat
    12 | D        | Noticed a meat berserker
    12 | D        | Killed a bag of meat
    12 | D        | Reached skill level 15 in Fighting
    12 | D        | Reached skill level 5 in Armour
    12 | D        | Reached skill level 24 in Translocations
    12 | D        | Reached XP level 15. HP: 14/143 MP: 2/32
    12 | D        | Killed a bag of meat
    12 | D        | Acquired Makhleb's third power
    12 | D        | Reached skill level 15 in Spellcasting
    12 | D        | Reached skill level 25 in Translocations
    13 | D        | Noticed a bag of meat
    13 | D        | Noticed a bag of meat
    13 | D        | Killed a bag of meat
    13 | D        | Reached skill level 15 in Axes
    13 | D        | Reached skill level 26 in Translocations
    13 | D        | Reached XP level 16. HP: 44/155 MP: 3/34
    13 | D        | Mangled by a meat berserker

Vault maps used:
D:        meatsprint

Action                   |  1- 3 |  4- 6 |  7- 9 | 10-12 | 13-15 | 16-18 || total
-------------------------+-------+-------+-------+-------+-------+-------++-------
Melee: Executioner's axe |     1 |       |       |       |     4 |       ||     5
